Map: Pylon LE

Players

Pelucia - Winner!

  • Race: Zerg Zerg
  • League: Platinum
  • Spawn Location: 11:00

IRONMAN

  • Race: Terran Terran
  • League: Platinum
  • Spawn Location: 5:00

VOD

Have the link to the VOD?

Description

Time

  • Played on: July 29, 2025, 9:15 p.m.
  • Length: 8:18
Show
View Real Time Build Order
Export as new Build Order

Pelucia Zerg - Winner!

Build Orders: Hatch First 

Get SALT Encoding   

  12  0:01  Drone  
  13  0:11  Drone  
  14  0:15  Extractor  
  14  0:16  Drone  
  15  0:36  Hatchery  
  15  0:41  Extractor  
  13  0:43  Drone  
  15  0:57  Spawning Pool  
  14  1:04  Overlord  
  14  1:09  Extractor  
  14  1:10  Drone  
  14  1:23  Drone x2  
  16  1:29  Drone  
  18  1:40  Drone  
  18  1:44  Queen  
  20  1:51  Queen  
  22  1:55  Drone  
  22  1:58  Drone  
  24  2:02  Drone  
  24  2:04  Drone  
  26  2:10  Drone  
  26  2:11  Drone  
  28  2:20  Overlord  
  28  2:40  Hatchery  
  28  2:43  Metabolic Boost  
  27  2:45  Drone x2  
  27  2:46  Drone  
  27  2:50  Zergling x2  
  31  2:54  Overlord  
  31  3:05  Drone x5  
  36  3:13  Drone x3  
  39  3:30  Extractor  
  39  3:31  Zergling x6  
  39  3:32  Zergling x2  
  42  3:36  Queen  
  42  3:38  Overlord  
  44  3:46  Extractor  
  44  3:47  Overlord x2  
  43  3:51  Drone  
  44  3:58  Queen  
  44  4:00  Zergling x2  
  44  4:01  Zergling x6  
  44  4:02  Zergling x4  
  52  4:13  Drone x4  
  56  4:22  Zergling x4  
  56  4:23  Zergling x4  
  60  4:25  Queen  
  62  4:34  Zergling x8  
  62  4:36  Lair  
  66  4:44  Drone x3  
  69  4:56  Queen  
  70  5:00  Queen  
  70  5:01  Spore Crawler  
  70  5:02  Spore Crawler x2  
  70  5:04  Drone x2, Spore Crawler  
  70  5:05  Drone  
  71  5:10  Spore Crawler x2  
  71  5:11  Spore Crawler  
  68  5:16  Overlord  
  68  5:32  Spore Crawler  
  68  5:33  Drone x5  
  68  5:34  Drone x2, Spore Crawler  
  73  5:41  Spire  
  72  5:52  Overlord x2  
  72  5:59  Drone x3  
  72  6:00  Drone x2  
  77  6:14  Extractor  
  77  6:16  Overlord x2  
  76  6:22  Extractor  
  70  6:48  Drone x5  
  70  6:49  Drone x4  
  70  6:53  Corruptor x4  
  70  6:54  Corruptor x2  
  79  7:17  Corruptor x2  
  79  7:19  Spawning Pool  
  79  7:35  Corruptor x2  
  79  7:36  Drone x4  
  79  7:37  Drone x3  
  90  7:54  Drone x3  
  93  8:04  Evolution Chamber  
  93  8:05  Drone x3  
  95  8:07  Evolution Chamber  
Show
View Real Time Build Order
Export as new Build Order

IRONMAN Terran 

Build Orders:  

Get SALT Encoding   

  12  0:00  SCV  
  13  0:12  SCV  
  14  0:21  Supply Depot  
  14  0:24  SCV  
  15  0:43  SCV  
  15  0:44  Barracks  
  16  0:53  Refinery  
  16  0:54  Refinery  
  16  0:55  SCV  
  17  1:06  Supply Depot  
  17  1:07  SCV  
  18  1:19  SCV  
  19  1:33  Marine  
  19  1:36  SCV  
  21  1:45  Factory  
  21  1:51  Marine  
  22  1:57  SCV  
  23  2:06  Bunker  
  23  2:09  SCV, Marine  
  25  2:27  Marine  
  26  2:31  Factory Tech Lab  
  26  2:38  Starport  
  26  2:45  Marine  
  27  3:02  Marine  
  27  3:03  Orbital Command  
  28  3:18  Starport Tech Lab  
  28  3:23  Armory  
  28  3:26  Marine  
  29  3:48  Supply Depot  
  29  3:53  SCV  
  30  4:04  Command Center  
  30  4:18  Fusion Core  
  30  4:23  SCV  
  31  4:24  Starport  
  31  4:56  Supply Depot  
  31  5:01  Starport Tech Lab  
  31  5:08  Battlecruiser  
  43  5:21  Battlecruiser  
  43  5:24  Weapon Refit  
  43  5:33  Engineering Bay  
  43  5:35  Marine  
  44  5:46  SCV  
  45  5:52  SCV  
  45  5:53  Marine  
  47  6:02  Missile Turret, Terran Ship Weapons Level 1  
  47  6:05  Refinery  
  47  6:06  Refinery  
  47  6:10  Marine  
  48  6:15  Missile Turret  
  48  6:29  SCV  
  41  6:41  SCV  
  42  6:54  SCV  
  37  7:43  Missile Turret, Marine  
  38  7:47  Missile Turret  
  38  7:50  Missile Turret  
  38  8:01  Missile Turret  
  38  8:02  Missile Turret  
  38  8:04  Missile Turret  
  38  8:05  Missile Turret  
Tags
 
Matchup
TvZ
Spawn Locations
Cross Positions
Add a new tag
Caveats
  • Supply blocks, unpowered buildings, or Contaminate may cause inaccurate times.
  • Supply counts are checked every 10 seconds.